 Dungeon Crawl Stone Soup version 0.28-a0-823-gb444dcf96d (webtiles) character file.

Game seed: 8561071171538971949

5813 dracfodder the Thaumaturge (level 10, -4/54 HPs)
             Began as a Gargoyle Ice Elementalist on Nov 9, 2021.
             Was a Follower of Vehumet.
             Slain by a purple ugly thing (7 damage)
             ... on level 8 of the Dungeon.
             The game lasted 01:14:10 (9478 turns).

dracfodder the Thaumaturge (GrIE)                   Turns: 9478, Time: 01:14:10

Health: -4/54      AC: 28    Str: 12    XL:     10   Next: 79%
Magic:  24/33      EV: 12    Int: 19    God:    Vehumet [*.....]
Gold:   353        SH:  0    Dex: 10    Spells: 5/29 levels left

rFire   + . .      SeeInvis .   a - +2 flail (holy)
rCold   . . .      Faith    .   (no shield)
rNeg    + . .      Spirit   .   E - +1 robe
rPois   ∞          Reflect  .   u - +0 helmet
rElec   +          Harm     .   p - +0 cloak
rCorr   .          Rampage  .   l - +1 pair of gloves
Will    .....                   x - +2 pair of boots
Stlth   ++........              (no amulet)
HPRegen 0.18/turn               f - ring of magical power
MPRegen 0.23/turn               m - ring of protection from fire

@: ice-armoured
A: sickness immunity, AC +7, negative energy resistance 1, electricity
resistance, torment resistance 1, petrification resistance, iridescent scales 1,
wild magic 1
a: Renounce Religion


You were on level 8 of the Dungeon.
You worshipped Vehumet.
Vehumet was aware of your devotion.
You visited 2 branches of the dungeon, and saw 10 of its levels.
You also visited: Ossuary.

You collected 518 gold pieces.
You spent 165 gold pieces at shops.

Inventory:

Hand Weapons
 a - a +2 flail of holy wrath (weapon)
 b - a +4 war axe of electrocution
 q - a +1 halberd of venom
Missiles
 d - 4 boomerangs
 e - 23 poisoned darts (quivered)
 g - 4 curare-tipped darts
 i - 87 sling bullets
 j - 110 bolts
 n - 121 arrows
 o - 142 stones
 t - 5 javelins
Armour
 l - a +1 pair of gloves (worn)
 p - a +0 cloak (worn)
 u - a +0 helmet (worn)
 x - a +2 pair of boots (worn)
 E - a +1 robe (worn)
Jewellery
 f - a ring of magical power (left hand)
 h - an amulet of regeneration
 m - a ring of protection from fire (right hand)
 B - a +4 ring of evasion
 C - a +6 ring of strength
Scrolls
 k - 2 scrolls of fog
 r - a scroll of identify
 v - a scroll of teleportation
 y - a scroll of summoning
Potions
 c - 5 potions of curing
 s - a potion of flight
 w - 4 potions of heal wounds
 z - a potion of might
 A - 4 potions of magic
 D - a potion of ambrosia


   Skills:
 + Level 2.6 Fighting
 + Level 3.8(4.4) Axes
 + Level 3.2(4.2) Maces & Flails
 + Level 1.0(2.6) Polearms
 + Level 2.1 Throwing
 + Level 3.0 Dodging
 + Level 3.9 Stealth
 * Level 10.4 Spellcasting
 + Level 1.8 Conjurations
 + Level 0.9 Transmutations
 + Level 2.2 Fire Magic
 + Level 7.7 Ice Magic
 + Level 2.0 Poison Magic


You had 5 spell levels left.
You knew the following spells:

 Your Spells              Type           Power      Damage    Failure   Level
a - Freeze                Ice            100%       1d11      1%          1
b - Frozen Ramparts       Ice            100%       1d12      1%          3
c - Ozocubu's Armour      Ice            50%        N/A       1%          3
d - Ignite Poison         Fire/Tmut/Pois 21%        N/A       16%         3
e - Hailstorm             Conj/Ice       36%        3d9       14%         4
f - Conjure Flame         Conj/Fire      22%        6-21      14%         3
g - Scorch                Fire           48%        2d7       7%          2
h - Sandblast             Erth           24%        2d8       11%         1
i - Stone Arrow           Conj/Erth      34%        3d9       21%         3
j - Magic Dart            Conj           84%        1d7       6%          1

Your spell library contained the following spells:

 Spells                   Type           Power      Damage    Failure   Level
 Beastly Appendage        Tmut           34%        N/A       8%          1
 Wereblood                Tmut           17%        N/A       12%         2
 Passwall                 Tmut/Erth      12%        N/A       13%         2
 Spider Form              Tmut/Pois      20%        N/A       17%         3
 Flame Wave               Conj/Fire      22%        3d6       38%         4
 Sticky Flame             Conj/Fire      22%        2d4       38%         4
 Summon Cactus Giant      Summ           6%         N/A       100%        6


Dungeon Overview and Level Annotations

Branches:
Dungeon (9/15)             Temple (1/1) D:6         Ossuary (visited)
   Lair: D:8-11         Orc: D:9-12

Altars:
Ashenzari
Cheibriados
Dithmenos
Elyvilon
Fedhas
Gozag
Hepliaklqana
Kikubaaqudgha
Makhleb
Nemelex Xobeh
Okawaru
Qazlal
Ru
Sif Muna
Trog
Vehumet
Wu Jian
Xom
Yredelemnul
Zin
The Shining One

Shops:
D:4 [


Innate Abilities, Weirdness & Mutations

You are immune to sickness and miasma.
Your stone body is resilient. (AC +7)
You are immune to poison.
You resist negative energy. (rN+)
You are resistant to electric shocks. (rElec)
You are resistant to unholy torment.
You are immune to petrification.
You are partially covered in iridescent scales. (AC +2)
Your spells are a little harder to cast, but a little more powerful.


Message History

The purple ugly thing is heavily wounded.
The purple ugly thing kicks you. x2
You hit the purple ugly thing.
The purple ugly thing is severely wounded.
The purple ugly thing barely misses you.
You closely miss the purple ugly thing.
The purple ugly thing is severely wounded.
The purple ugly thing kicks you!
You closely miss the purple ugly thing.
The purple ugly thing is severely wounded.
The purple ugly thing closely misses you.
You barely miss the purple ugly thing.
The purple ugly thing is severely wounded.
The purple ugly thing closely misses you.
You barely miss the purple ugly thing.
The purple ugly thing is severely wounded.
The purple ugly thing kicks you but does no damage.
The purple ugly thing misses you.
You hit the purple ugly thing.
The purple ugly thing is severely wounded.
The purple ugly thing kicks you.
You hit the purple ugly thing.
The purple ugly thing is severely wounded.
The purple ugly thing kicks you.
You barely miss the purple ugly thing.
The purple ugly thing is severely wounded.
The purple ugly thing misses you.
You hit the purple ugly thing.
The purple ugly thing is severely wounded.
The purple ugly thing kicks you!
* * * LOW HITPOINT WARNING * * *
You sock the purple ugly thing!
The purple ugly thing is almost dead.
The purple ugly thing kicks you!
* * * LOW HITPOINT WARNING * * *
The purple ugly thing barely misses you.
You closely miss the purple ugly thing.
The purple ugly thing is almost dead.
The purple ugly thing kicks you!
You die...

#################
####................
#...................
#.#####.#########.##
#.........#.......
#@#######.#.#.#.#.
#u# #.#..#.#.# #.#
#.#.#..... ..#
'....#...# #.#
#.#.#..... #.#
#.#..#.#.# #.#
#.#.#.#. #..
#....... #####(##


You could see a purple ugly thing.

Vanquished Creatures
  A two-headed ogre (D:6)
  A deep elf pyromancer (D:8)
  An ugly thing (D:8)
  A manticore (D:8)
  2 cyclopes (D:8)
  A vampire (D:8)
  2 steam dragons
  An ice beast (D:5)
  2 sky beasts
  An ogre (D:5)
  2 necrophages
  4 centaurs
  A phantom (D:5)
  2 bullfrogs
  6 scorpions
  7 water moccasin zombies (Ossuary)
  9 wights
  A bullfrog zombie (D:5)
  7 hounds
  A bullfrog skeleton (D:5)
  4 orc priests
  A gnoll shaman (D:4)
  An iguana (D:5)
  An orc wizard (D:7)
  A killer bee zombie (D:8)
  3 mummies
  2 howler monkey zombies
  4 gnolls (D:4)
  A howler monkey skeleton (D:7)
  8 adders
  A white imp (D:7)
  3 ufetubi
  8 adder zombies (Ossuary)
  2 worms
  A dart slug (D:3)
  6 orcs
  4 bats
  10 endoplasms
  4 giant cockroaches
  5 gnoll zombies (Ossuary)
  5 goblins
  6 hobgoblins
  7 quokkas
  10 ball pythons
  6 frilled lizards
  3 hobgoblin zombies (Ossuary)
  7 kobolds
  6 kobold zombies (Ossuary)
  An orc zombie (Ossuary)
  3 rats
177 creatures vanquished.

Vanquished Creatures (others)
  2 plants (D:2)
2 creatures vanquished.

Grand Total: 179 creatures vanquished

Notes
Turn   | Place    | Note
-------+----------+-------------------------------------------
     0 | D:1      | dracfodder the Gargoyle Ice Elementalist began the quest
                  | for the Orb.
     0 | D:1      | Reached XP level 1. HP: 10/10 MP: 3/3
   295 | D:1      | Reached XP level 2. HP: 10/15 MP: 3/5
   551 | D:1      | Reached XP level 3. HP: 17/19 MP: 6/6
  1891 | D:2      | Learned a level 3 spell: Frozen Ramparts
  1895 | D:2      | Learned a level 3 spell: Ozocubu's Armour
  1922 | D:2      | Reached skill level 3 in Spellcasting
  1922 | D:2      | Reached XP level 4. HP: 24/24 MP: 8/8
  2082 | D:2      | Found a faded altar of an unknown god.
  3109 | D:4      | Noticed a necrophage
  3431 | D:4      | Reached XP level 5. HP: 25/28 MP: 9/10
  3434 | D:4      | Reached skill level 4 in Spellcasting
  3628 | D:4      | Found a basalt altar of Yredelemnul.
  3711 | D:4      | Learned a level 3 spell: Ignite Poison
  3726 | D:4      | Killed a necrophage
  3727 | D:4      | Reached skill level 5 in Ice Magic
  3727 | D:4      | Reached XP level 6. HP: 22/33 MP: 12/12
  3873 | D:4      | Found Owezxutt's Antique Armour Shop.
  3881 | D:4      | Bought a pair of embroidered boots for 165 gold pieces
  3924 | D:4      | Found a burning altar of Makhleb.
  3924 | D:4      | Found a white marble altar of Elyvilon.
  4160 | D:5      | Entered Level 5 of the Dungeon
  4171 | D:5      | Reached skill level 1 in Axes
  4179 | D:5      | Reached skill level 5 in Spellcasting
  4179 | D:5      | Reached XP level 7. HP: 37/37 MP: 7/14
  4180 | D:5      | Reached skill level 1 in Fighting
  4503 | D:5      | Gained mutation: Your spells are a little harder to cast,
                  | but a little more powerful. [potion of mutation]
  4503 | D:5      | Gained mutation: You are partially covered in iridescent
                  | scales. (AC +2) [potion of mutation]
  4563 | D:5      | Reached skill level 1 in Throwing
  4812 | D:5      | Reached skill level 1 in Poison Magic
  4883 | D:5      | Reached skill level 6 in Spellcasting
  5034 | D:5      | Reached XP level 8. HP: 43/43 MP: 17/17
  5575 | D:6      | Reached skill level 1 in Maces & Flails
  5575 | D:6      | Reached skill level 7 in Spellcasting
  5636 | D:6      | Found a staircase to the Ecumenical Temple.
  6081 | D:6      | Noticed a two-headed ogre
  6088 | D:6      | Killed a two-headed ogre
  6089 | D:6      | Reached skill level 8 in Spellcasting
  6089 | D:6      | Reached XP level 9. HP: 33/47 MP: 17/21
  6094 | D:6      | Learned a level 4 spell: Hailstorm
  6098 | D:6      | Learned a level 3 spell: Conjure Flame
  6269 | D:7      | Found a sand-covered staircase.
  6296 | Ossuary  | Entered an ossuary
  6880 | Ossuary  | Learned a level 2 spell: Scorch
  6987 | D:7      | Reached skill level 1 in Fire Magic
  7660 | Temple   | Entered the Ecumenical Temple
  7796 | Temple   | Became a worshipper of Vehumet
  7810 | D:6      | Identified a scroll of acquirement
  7810 | D:6      | Acquired a book of Geomancy
  7814 | D:6      | Learned a level 1 spell: Sandblast
  7818 | D:6      | Learned a level 3 spell: Stone Arrow
  8070 | D:7      | Reached skill level 9 in Spellcasting
  8857 | D:8      | Reached XP level 10. HP: 45/53 MP: 23/23
  8863 | D:8      | Noticed a manticore
  8874 | D:8      | Killed a manticore
  8875 | D:8      | Reached skill level 1 in Polearms
  8886 | D:8      | Noticed a centaur warrior
  8911 | D:8      | Noticed a deep elf pyromancer
  8962 | D:8      | Noticed a cyclops
  8967 | D:8      | Killed a cyclops
  8968 | D:8      | Reached skill level 1 in Conjurations
  9111 | D:8      | Killed a deep elf pyromancer
  9111 | D:8      | Noticed a purple ugly thing
  9112 | D:8      | Reached skill level 10 in Spellcasting
  9275 | D:8      | Noticed a cyclops
  9280 | D:8      | Killed a cyclops
  9300 | D:8      | Noticed a purple ugly thing
  9307 | D:8      | Killed a purple ugly thing
  9428 | D:8      | Reached * piety under Vehumet
  9428 | D:8      | Offered knowledge of Magic Dart by Vehumet.
  9431 | D:8      | Learned a level 1 spell: Magic Dart
  9477 | D:8      | HP: 2/54 [purple ugly thing (11)]
  9478 | D:8      | Slain by a purple ugly thing

Illustrated notes

Levels and vault maps discovered:
D:1:      denvon_arrival_waterhouse, layout_loops_ring,
          chequers_serial_rivers_large_b, serial_bayou_pond_c,
          minmay_misc_feat_rugged, serial_bayou_pond_e
D:2:      layout_rooms, shapermc_ecumenical_altar_petra
D:3:      layout_basic
D:4:      layout_cave_pools, yredelemnul_altar_generic,
          amethyst_overflow_temple_binary, serial_shops, shop
D:5:      layout_loops_ring, dk_noncrumbling_2, grunt_ministairs_3
D:6:      layout_loops_ring, minmay_temple_entry_grid
D:7:      layout_rooms, gup_ossuary_entry_pyramid
D:8:      layout_loops_ring, lemuel_coloured_pillars_altar, minmay_the_grid_2x2
          [minmay_the_grid_gridbox, minmay_the_grid_paths,
          minmay_the_grid_slots, minmay_the_grid_prize_shrinking_boxes]
D:9:      layout_roguey, due_lair_maze_entry_diamond, wad_dig_loot
Temple:   mainiacjoe_temple_coin_purse

Skill      XL: |  1  2  3  4  5  6  7  8  9 10 |
---------------+-------------------------------+-----
Spellcasting   | 3 4 5 6 8 9 10 | 10.4
Ice Magic      | 5 6 7 |  7.7
Axes           | 1 2 3 |  3.8
Fighting       | 1 2 |  2.6
Throwing       | 1 2 |  2.1
Stealth        | 3 |  3.9
Poison Magic   | 1 2 |  2.0
Dodging        | 2 3 |  3.0
Maces & Flails | 1 3 |  3.2
Fire Magic     | 1 2 |  2.2
Polearms       | 1 |  1.0
Conjurations   | 1 |  1.8
Transmutations | |  0.9

Action                   |  1- 3 |  4- 6 |  7- 9 | 10-12 || total
-------------------------+-------+-------+-------+-------++-------
Melee: Whip              |    10 |       |       |       ||    10
       Halberd           |    20 |    31 |     7 |     3 ||    61
       War axe           |       |    20 |    49 |    13 ||    82
       Flail             |       |       |   169 |    26 ||   195
Throw: Dart              |       |    17 |    26 |     2 ||    45
       Throwing net      |       |     1 |       |       ||     1
       Stone             |       |     3 |       |       ||     3
 Cast: Freeze            |    43 |     7 |     9 |       ||    59
       Frozen Ramparts   |     1 |    18 |    23 |     5 ||    47
       Ozocubu's Armour  |       |     6 |    20 |     6 ||    32
       Ignite Poison     |       |     1 |     9 |     1 ||    11
       Hailstorm         |       |       |     8 |    11 ||    19
       Scorch            |       |       |     7 |     9 ||    16
       Conjure Flame     |       |       |     2 |       ||     2
       Magic Dart        |       |       |       |     3 ||     3
       Sandblast         |       |       |       |     2 ||     2
  Use: Scroll            |     3 |     7 |     9 |       ||    19
       Potion            |     1 |       |    10 |     2 ||    13
 Stab: Sleeping          |       |       |     3 |       ||     3
Armor: Robe              |    20 |    24 |   161 |    26 ||   231
Dodge: Dodged            |    30 |    41 |   157 |    39 ||   267

Table legend: (Time is in decaauts)
 A = Elapsed time spent in this place.
 B = Non-inter-level travel time spent in this place.
 C = Inter-level travel time spent in this place.
 D = Time resting spent in this place.
 E = Time spent auto-exploring this place.
 F = Levels seen in this place.
 G = Mean time per level.
                   A        B        C        D        E       F      G
               +--------+--------+--------+--------+--------+-----+--------+
         Total |   9610 |   9300 |    310 |   2559 |   4544 |  11 |  873.6 |
       Dungeon |   8836 |   8554 |    282 |   2234 |   4442 |   9 |  981.8 |
        Temple |    147 |    119 |     28 |      0 |    102 |   1 |  147.0 |
       Ossuary |    626 |    626 |      0 |    325 |      0 |   1 |  626.0 |
               +--------+--------+--------+--------+--------+-----+--------+

Top non-repeatable levels by time:
     D:5: 1380 daAuts
     D:1: 1347 daAuts
     D:6: 1335 daAuts
     D:3: 1297 daAuts
     D:8: 1016 daAuts
     D:7: 861 daAuts
     D:2: 839 daAuts
     D:4: 754 daAuts
 Ossuary: 626 daAuts
  Temple: 147 daAuts
     D:9: 4 daAuts
